 Dungeon Crawl Stone Soup version bcrawl-1.15 (webtiles) character file.

Game seed: 1045614661664972654

468 Beaer the Covert (level 7, 0/40 HPs)
             Began as a Vine Stalker Rogue on Sept 22, 2019.
             Was a Follower of Okawaru.
             Slain by a mummy (13 damage)
             ... in an ossuary.
             The game lasted 00:05:44 (2837 turns).

Beaer the Covert (Vine Stalker Rogue)               Turns: 2837, Time: 00:05:45

Health: 0/40       AC:  9    Str: 18    XL:     7   Next: 8%
Magic:  9/9        EV: 10    Int: 11    God:    Okawaru [*.....]
Gold:   268        SH:  0    Dex: 16    Spells: 6/6 levels left

rFire    . . .     SeeInvis .   a - +3 dagger
rCold    . . .     Gourm    .   (no shield)
rNeg     . . .     Faith    .   i - +1 scale mail
rPois    .         Spirit   .   (no helmet)
rElec    .         Reflect  .   d - +0 cloak
rCorr    .         Harm     .   c - +0 pair of gloves
MR       .....                  (no boots)
Stlth    +++.......             (no amulet)
HPRegen  0.53/turn              m - -2 ring of dexterity (curse)
MPRegen  0.11/turn              (no ring)

@: mighty
A: fangs 3, regeneration 1, no potion heal 3, rot immunity, strong jaws
a: Heroism, Renounce Religion


You were in an ossuary.
You worshipped Okawaru.
Okawaru was aware of your devotion.
You were not hungry.

You visited 1 branch of the dungeon, and saw 4 of its levels.
You also visited: Ossuary.

You collected 268 gold pieces.

Inventory:

Hand Weapons
 a - a +3 dagger (weapon)
 b - a +0 blowgun
 x - the cursed +3 spear of Xisupuj {freeze, rC+ Int+5}
   (You found it on level 4 of the Dungeon)

   It has been specially enchanted to freeze those struck by it, causing extra
   injury to most foes and up to half again as much damage against particularly
   susceptible opponents.
   It can also slow down cold-blooded creatures.
   It affects your intelligence (+5).
   It protects you from cold.
   It has a curse placed upon it.
Missiles
 e - 448 poisoned needles
 v - 73 tomahawks of dispersal (quivered)
Armour
 c - a +0 pair of gloves (worn)
 d - a +0 cloak (worn)
 i - a +1 scale mail (worn)
Jewellery
 m - a cursed -2 ring of dexterity (left hand)
Wands
 f - a wand of flame (11)
 g - a wand of enslavement (15)
 t - a wand of iceblast (9)
Scrolls
 j - a scroll of teleportation
 p - a scroll of immolation
 s - a scroll of magic mapping
Potions
 k - a potion of agility
 l - a potion of curing
 n - a potion of heal wounds
 o - a potion of haste
 r - a potion of brilliance
 w - a potion of ambrosia
Comestibles
 h - 3 rations {!d}


   Skills:
 + Level 2.5 Fighting
 + Level 3.8 Short Blades
 + Level 1.8 Armour
 + Level 2.0 Dodging
 + Level 8.1 Stealth
 + Level 2.4 Evocations


You had 6 spell levels left.
You didn't know any spells.
Your spell library was empty.

Dungeon Overview and Level Annotations

Branches:
Dungeon (4/12)
 Temple: D:4-7

Altars:
Okawaru


Innate Abilities, Weirdness & Mutations

You have razor-sharp teeth.
Your natural rate of healing is unusually fast.
Potions cannot restore your health.
You are immune to rotting.
Your bites deal extra damage.


Message History

You puncture the human zombie!
The human zombie is heavily damaged.
You hit the human zombie.
The human zombie is heavily damaged.
The human zombie completely misses you.
The human zombie hits you but does no damage.
You puncture the human zombie!
The human zombie is severely damaged.
The human zombie hits you but does no damage.
The mummy hits you! The human zombie hits you.
You are too injured to fight recklessly!
You are too injured to fight recklessly!
You hit the mummy.
The mummy is lightly damaged.
You puncture the mummy! You bite the mummy.
The mummy is almost destroyed.
The human zombie hits you.
The human zombie hits you but does no damage.
The mummy hits you!
You die...

#...# .... #.. #...#
....## #.. #...#
...Z# #.. #...# #Z.
#...# #.. #...# #..
#...# #.. #...# #..
#..@##############..
#.ZMZ...............
#..Z......∩∩........
####################


You could see a mummy, a kobold zombie and 2 human zombies.

Vanquished Creatures
  An elf zombie (Ossuary)
  A howler monkey (D:3)
  2 centaur zombies (Ossuary)
  An orc priest (D:3)
  An iguana (D:4)
  Terence (D:2)
  A worker ant (D:3)
  4 adders
  4 oozes
  An adder zombie (Ossuary)
  An adder skeleton (D:4)
  5 worms
  2 dart slugs (D:2)
  4 leopard geckos
  4 orcs
  6 giant cockroaches
  6 goblins
  16 hobgoblins
  5 jackals
  6 kobolds
  4 quokkas
  2 ball pythons
  3 bats
  5 frilled lizards
  3 hobgoblin zombies (Ossuary)
  A jackal zombie (Ossuary)
  10 kobold zombies (Ossuary)
  10 orc zombies (Ossuary)
  12 rats
122 creatures vanquished.

Notes
Turn   | Place    | Note
-------+----------+-------------------------------------------
     0 | D:1      | Beaer the Vine Stalker Rogue began the quest for the Orb.
     0 | D:1      | Reached XP level 1. HP: 12/12 MP: 3/3
   105 | D:1      | Reached skill level 6 in Stealth
   154 | D:1      | Reached XP level 2. HP: 17/17 MP: 4/4
   289 | D:1      | Reached skill level 7 in Stealth
   315 | D:1      | Reached XP level 3. HP: 21/21 MP: 5/5
   910 | D:2      | Reached XP level 4. HP: 20/26 MP: 6/6
   996 | D:2      | Noticed Terence
   998 | D:2      | Killed Terence
  1524 | D:3      | Reached XP level 5. HP: 30/30 MP: 7/7
  1552 | D:3      | Reached skill level 1 in Armour
  1570 | D:3      | Reached skill level 1 in Dodging
  1778 | D:3      | Gained mutation: You have razor-sharp teeth. [Vine Stalker
                  | growth]
  1778 | D:3      | Reached XP level 6. HP: 35/35 MP: 8/8
  2411 | D:3      | Found an iron altar of Okawaru.
  2442 | D:3      | Became a worshipper of Warmaster Okawaru
  2511 | D:4      | Found a sand-covered staircase.
  2512 | D:4      | Reached skill level 8 in Stealth
  2557 | D:4      | Got a scorched spear
  2562 | D:4      | Identified the cursed +3 spear of Xisupuj {freeze, rC+
                  | Int+5} (You found it on level 4 of the Dungeon)
  2570 | Ossuary  | Entered an ossuary
  2831 | Ossuary  | Reached * piety under Okawaru
  2831 | Ossuary  | Reached XP level 7. HP: 28/40 MP: 9/9
  2837 | Ossuary  | Slain by a mummy

Skill      XL: |  1  2  3  4  5  6 |
---------------+-------------------+-----
Stealth        | 6 7 8 |  8.1
Short Blades   | 2 3 |  3.8
Fighting       | 2 |  2.5
Armour         | 1 |  1.8
Dodging        | 1 2 |  2.0
Evocations     | 2 |  2.4

Action                   |  1- 3 |  4- 6 |  7- 9 || total
-------------------------+-------+-------+-------++-------
Melee: Dagger            |   114 |   340 |     6 ||   460
       Bite              |     4 |    43 |     1 ||    48
Evoke: Wand              |     2 |     2 |       ||     4
  Use: Scroll            |     4 |     9 |       ||    13
       Potion            |       |     2 |       ||     2
 Stab: Sleeping          |    11 |    11 |       ||    22
  Eat: Chunk             |       |     5 |       ||     5
       Ration            |       |     1 |       ||     1
Armor: Robe              |     4 |       |       ||     4
       Scale mail        |    39 |   148 |     5 ||   192
Dodge: Dodged            |    54 |   142 |     2 ||   198
